cohdb
Replays
Latest Replays
All Replays
Popular Replays
Top Player Replays
Match Explorer
How It Works
Community
CoH3 Stats
Reddit
Sign in to upload your games and track your stats! →
Sign in with Steam
Match 46610189
Unlisted
Match 46610189
Overview
Messages
Build Orders
End
Scout Squad
Construct Weapon Support Center
Sniper
Selects Advanced Infantry Battlegroup
Engineer Squad
M1919 Machine Gun Team
Bazooka Squad
Selects Artillery Observers
Construct Medical Station
Infantry Support Center
M3 Armored Personnel Carrier
Engineer Squad
M1919 Machine Gun Team
Advanced Logistics
Bazooka Squad
Improved M9 Bazooka Rockets
Construct Barracks
Munitions Surplus
Selects Convert to Ranger Squad
Selects Frontline Medical Station
Selects Ranger Weapon Training
Riflemen Squad
Convert to Ranger Squad
Ranger Squad
Survival Training
Construct Tank Depot
Selects M2A1 105mm Howitzer Emplacement
Selects Free Fire Drills
M4(105) Sherman Bulldozer
M18 Hellcat Tank Destroyer
赵天天001
Willham
Stana
aSIIDemolitionHammer
0
0
Comments
sign in to comment!
No comments posted yet!